 Dungeon Crawl Stone Soup version 0.25-a0-10-g2fe12d4386 (webtiles) character file.

Game seed: 15601039893342891780, levelgen mode: deterministic

347 Froggeryz the Cudgeler (level 6, -10/39 HPs)
             Began as a Gargoyle Gladiator on Oct 15, 2019.
             Mangled by an ogre
             ... wielding a +0 giant club
              (14 damage)
             ... on level 4 of the Dungeon.
             The game lasted 00:04:02 (2626 turns).

Froggeryz the Cudgeler (Gargoyle Gladiator)         Turns: 2626, Time: 00:04:02

Health: -10/39     AC: 10    Str: 18    XL:     6   Next: 59%
Magic:  6/6        EV: 12    Int:  9    God:
Gold:   115        SH:  0    Dex: 12    Spells: 5/5 levels left

rFire    . . .     SeeInvis .   a - +0 flail
rCold    . . .     Gourm    .   (no shield)
rNeg     + + .     Faith    .   b - +0 leather armour
rPois    ∞         Spirit   .   c - +0 helmet
rElec    +         Reflect  .   (no cloak)
rCorr    +         Harm     .   n - +0 pair of gloves
MR       .....                  j - +0 pair of boots
Stlth    +.........             q - amulet of regeneration
HPRegen  0.53/turn              s - ring of positive energy
MPRegen  0.10/turn              x - ring of resist corrosion

@: no status effects
A: negative energy resistance 1, electricity resistance, unbreathing,
petrification resistance, rot immunity, AC +4
a: no special abilities


You were on level 4 of the Dungeon.
You were hungry.

You visited 1 branch of the dungeon, and saw 4 of its levels.

You collected 115 gold pieces.

Inventory:

Hand Weapons
 a - a +0 flail (weapon)
Missiles
 u - 7 boomerangs (quivered)
 v - 64 poisoned darts
 w - 2 atropa-tipped darts
Armour
 b - a +0 leather armour (worn)
 c - a +0 helmet (worn)
 j - a +0 pair of boots (worn)
 n - a +0 pair of gloves (worn)
Jewellery
 q - an amulet of regeneration (around neck)
 s - a ring of positive energy (left hand)
 x - a ring of resist corrosion (right hand)
Scrolls
 e - a scroll of noise {unknown}
 g - 3 scrolls of remove curse {unknown}
 h - 3 scrolls of amnesia {unknown}
 l - 2 scrolls of teleportation {unknown}
 o - a scroll of immolation {unknown}
 p - 3 scrolls of fear {unknown}
 t - 4 scrolls of identify {unknown}
Potions
 i - 2 potions of mutation {unknown}
 k - 2 potions of brilliance {unknown}
 m - a potion of flight {unknown}
 r - a potion of agility {unknown}
 z - a potion of berserk rage {unknown}
Comestibles
 f - 5 rations


   Skills:
 + Level 4.5 Fighting
 * Level 6.1 Maces & Flails
 - Level 1.7 Throwing
 - Level 2.4 Dodging


You had 5 spell levels left.
You didn't know any spells.
Your spell library was empty.

Dungeon Overview and Level Annotations

Branches:
Dungeon (4/15)
 Temple: D:4-7

Altars:
Makhleb
Nemelex Xobeh
Qazlal
Ru
Wu Jian


Innate Abilities, Weirdness & Mutations

You are resistant to torment.
Your stone body is resilient. (AC +4)
You are immune to poison.
You resist negative energy. (rN+)
You are resistant to electric shocks. (rElec)
You can survive without breathing.
You are immune to petrification.
You are immune to rotting.


Message History

Found a throwing net.
You closely miss the ogre. The ogre completely misses you.
You sock the ogre!
The ogre is moderately wounded.
The ogre hits you with a +0 giant club!!
You hit the ogre.
The ogre is heavily wounded.
The ogre hits you with a +0 giant club!!
* * * LOW HITPOINT WARNING * * *
Throwing (i - inventory. (/) - cycle)
d - a throwing net
Press: ? - help, Shift-Dir - straight line, f - ogre
Aim: an ogre, wielding a +0 giant club (heavily wounded)
You throw a throwing net.
The throwing net barely misses the ogre.
You are too injured to fight recklessly!
Okay, then.
You sock the ogre!
The ogre is almost dead.
The ogre hits you with a +0 giant club!
You die...

....###.###.. (....
...... #.# #.. .....#
.....#.###'###.. ......#
................ .......
.......#......#.
.......#....#..........#
##........###..###....#
.#.....?.....##.........
.......@O.....(........#
##......####...........#
#....##.##..#..........#
#... #........##......#
?.# #........###.....# .
#........#.#.....#
..................##
.....#..>...#......#
..#....##....##......#


You could see an ogre.

Vanquished Creatures
  An ogre (D:3)
  A hound (D:2)
  A bullfrog skeleton (D:3)
  An orc wizard (D:2)
  A worker ant (D:3)
  8 adders
  An adder skeleton (D:4)
  2 worms (D:3)
  A dart slug (D:1)
  2 leopard geckos (D:1)
  An orc (D:3)
  4 giant cockroaches
  8 goblins
  10 hobgoblins
  11 kobolds
  9 bats
  4 frilled lizards
  4 rats
70 creatures vanquished.

Notes
Turn   | Place    | Note
-------+----------+-------------------------------------------
     0 | D:1      | Froggeryz the Gargoyle Gladiator began the quest for the
                  | Orb.
     0 | D:1      | Reached XP level 1. HP: 12/12 MP: 1/1
   284 | D:1      | Reached XP level 2. HP: 6/18 MP: 2/2
   705 | D:1      | Reached XP level 3. HP: 22/22 MP: 3/3
  1005 | D:2      | Reached skill level 4 in Maces & Flails
  1052 | D:2      | Found a burning altar of Makhleb.
  1061 | D:2      | Reached XP level 4. HP: 17/28 MP: 4/4
  1317 | D:2      | Found a sacrificial altar of Ru.
  1325 | D:2      | Reached XP level 5. HP: 31/32 MP: 5/5
  1345 | D:2      | Found a faded altar of an unknown god.
  1396 | D:2      | Reached skill level 5 in Maces & Flails
  1694 | D:3      | Found a stormy altar of Qazlal.
  1864 | D:3      | Noticed an ogre
  1877 | D:3      | Killed an ogre
  1877 | D:3      | Reached XP level 6. HP: 20/38 MP: 6/6
  2031 | D:3      | Reached skill level 6 in Maces & Flails
  2040 | D:3      | Found an ornate altar of the Wu Jian Council.
  2571 | D:4      | Found a sparkling altar of Nemelex Xobeh.
  2626 | D:4      | Mangled by an ogre

Levels and vault maps discovered:
D:1:      beargit_arrival_greenhouse, layout_loops_ring, minmay_tetromino_o4
D:2:      minmay_alternating_diamond, layout_basic,
          nicolae_ru_great_annihilating_truth, chequers_ecumenical_altar_simple,
          makhleb_blood_cavern_becter
D:3:      layout_basic, grunt_qazlal_sundering, nicolae_overflow_hidden_temple,
          kennysheep_generic_room_14
D:4:      layout_cave_pools, lemuel_doored_altar, kennysheep_mini_moat,
          gup_sewer_entry_spiral, serial_shops, shop, first_ration,
          uniq_eustachio, uniq_sigmund

Skill      XL: |  1  2  3  4  5  6 |
---------------+-------------------+-----
Maces & Flails | 4 5 6 |  6.1
Fighting       | 3 4 |  4.5
Throwing       | |  1.7
Dodging        | |  2.4

Action                   |  1- 3 |  4- 6 || total
-------------------------+-------+-------++-------
Melee: Flail             |    84 |   188 ||   272
Throw: Throwing net      |       |     3 ||     3
       Dart              |       |     2 ||     2
 Stab: Paralysed         |       |     2 ||     2
       Held in net/web   |       |     1 ||     1
       Sleeping          |       |     1 ||     1
  Eat: Chunk             |       |     5 ||     5
Armor: Leather armour    |    35 |   100 ||   135
Dodge: Dodged            |    59 |   152 ||   211

Table legend:
 A = Non-vault XP
 B = Vault XP
 C = Vault XP percentage of total XP
 D = Non-vault monster count
 E = Vault monster count
 F = Vault count percentage of total count
                 A         B        C        D         E       F
            +---------+---------+-------+---------+---------+-------
      Total |     384 |     112 |  22.6 |      57 |      13 |  18.6
            +---------+---------+-------+---------+---------+-------
        D:1 |      38 |       6 |  13.6 |      20 |       3 |  13.0
        D:2 |      57 |     102 |  64.2 |      13 |       8 |  38.1
        D:3 |     284 |       4 |   1.4 |      23 |       2 |   8.0
        D:4 |       5 |       0 |   0.0 |       1 |       0 |   0.0
            +---------+---------+-------+---------+---------+-------
